[Event "ESP-chT Primera Division 2019"]
[Site "Linares"]
[Date "2019.09.01"]
[Round "7.12"]
[White "Garcia Elio, Elisa"]
[Black "Antunez Munoz, Ines"]
[Result "0-1"]
[ECO "D00"]
[WhiteElo "1812"]
[BlackElo "1891"]
[Annotator "NA"]
[PlyCount "88"]
[EventDate "2019.08.26"]
[EventType "team-tourn"]
[EventCountry "ESP"]
[SourceTitle "playchess.com"]
[Source "ChessBase"]
[SourceQuality "1"]
[TimeControl "5400+30"]

1. d4 d5 2. Bf4 e6 3. e3 Nf6 4. Nf3 c5 5. c3 Nc6 6. Bd3 Qb6 7. Qb3 c4 8. Qxb6 axb6 9. Bc2 b5 10. O-O b4 11. Nbd2 Be7 12. Ne5 Nxe5 13. Bxe5 O-O 14. h3 Bd7 15. e4 Ra6 16. Bxf6 Bxf6 17. cxb4 Bxd4 18. Rad1 Bb5 19. a4 Bxa4 20. Bxa4 Rxa4 21. Nxc4 Bxf2+ 22. Rxf2 dxc4 23. b5 Rb4 24. Rd4 h6 25. Kh2 Kh7 26. Rc2 Rc8 27. Rd7 Rxb5 28. Rxf7 b6 29. Rd2 Kg6 30. Rdd7 Rg8 31. Rf2 Re5 32. Rd6 b5 33. Rb6 Rd8 34. Kg3 Rd4 35. Rb7 Rg5+ 36. Kf3 Rd3+ 37. Ke2 Rb3 38. Kf1 Re3 39. Rf4 Rb3 40. Rf2 Kh7 41. Rb6 Re5 42. Rf4 Rxb2 43. Rb7 c3 44. h4 c2 0-1

[Event "ESP-chT Primera Division 2019"]
[Site "Linares"]
[Date "2019.09.01"]
[Round "7.15"]
[White "Henderson de La Fuente, Lance"]
[Black "Alonso Moyano, Jonathan"]
[Result "1-0"]
[ECO "B94"]
[WhiteElo "2487"]
[BlackElo "2358"]
[Annotator "ChessBase"]
[PlyCount "93"]
[EventDate "2019.08.26"]
[EventType "team-tourn"]
[EventCountry "ESP"]
[SourceTitle "playchess.com"]
[Source "ChessBase"]
[SourceQuality "1"]
[TimeControl "5400+30"]

1. e4 c5 2. Nf3 d6 3. d4 Nf6 4. Nc3 cxd4 5. Nxd4 a6 6. Bg5 Nbd7 7. Qe2 e6 8. O-O-O Be7 9. Be3 h5 10. g3 Qc7 11. Bg2 g6 12. Kb1 e5 13. Nb3 b5 14. f4 b4 15. Nd5 Nxd5 16. exd5 a5 17. Rhe1 O-O 18. Nc1 exf4 19. Bxf4 Bf6 20. Bh6 Ba6 21. Qf2 Rfe8 22. Rxe8+ Rxe8 23. Bf1 Bxf1 24. Rxf1 Re5 25. Nd3 Rxd5 26. Qe3 Qd8 27. Qe4 Rd4 28. Qf3 Qe7 29. Qa8+ Kh7 30. Bc1 Nc5 31. Nf4 Qe4 32. Qf8 Qe7 33. Qa8 Bg7 34. Qxa5 Ne4 35. Nd3 f5 36. Qb5 d5 37. Rd1 Nc5 38. Re1 Re4 39. Rxe4 Nxe4 40. Qxb4 Qa7 41. a4 Qg1 42. a5 Qxh2 43. a6 Qg1 44. Qb7 Nd6 45. Qd7 Nc4 46. a7 Nb6 47. Qb7 1-0

[Event "ESP-chT Primera Division 2019"]
[Site "Linares"]
[Date "2019.09.01"]
[Round "7.16"]
[White "Martinez Ramirez, Erik"]
[Black "Cramling, Pia"]
[Result "1/2-1/2"]
[ECO "B46"]
[WhiteElo "2217"]
[BlackElo "2493"]
[Annotator "ChessBase"]
[PlyCount "146"]
[EventDate "2019.08.26"]
[EventType "team-tourn"]
[EventCountry "ESP"]
[SourceTitle "playchess.com"]
[Source "ChessBase"]
[SourceQuality "1"]
[TimeControl "5400+30"]

1. e4 c5 2. Nf3 Nc6 3. d4 cxd4 4. Nxd4 e6 5. Nc3 a6 6. Be3 Nf6 7. Bd3 Qc7 8. O-O Nxd4 9. Bxd4 Bc5 10. Bxc5 Qxc5 11. Qe2 d6 12. Rfe1 e5 13. Bc4 Be6 14. Bb3 Rc8 15. Qe3 Qxe3 16. Rxe3 Ke7 17. Rd1 Rc6 18. Rd2 Rhc8 19. f3 b5 20. Ree2 Rb6 21. Nd1 a5 22. Ne3 Rc5 23. c3 b4 24. c4 Ra6 25. Nd5+ Bxd5 26. cxd5 a4 27. Bc2 Nd7 28. b3 a3 29. Bd3 Rc1+ 30. Kf2 Ra5 31. Rc2 Rc5 32. Bc4 Rh1 33. h3 g6 34. Re1 Rxe1 35. Kxe1 f5 36. g3 Rc8 37. Kf2 Nf6 38. Bd3 Rxc2+ 39. Bxc2 f4 40. g4 Nd7 41. h4 h6 42. Ke2 g5 43. h5 Nc5 44. Kd2 Kd8 45. Bd1 Kc7 46. Kc2 Kb6 47. Kd2 Nd7 48. Be2 Kc5 49. Bd3 Kd4 50. Bb1 Nf6 51. Bd3 Nd7 52. Bb1 Nb6 53. Bc2 Kc5 54. Kd3 Kb5 55. Kd2 Nc8 56. Bd3+ Kc5 57. Bc2 Kd4 58. Bb1 Ne7 59. Bc2 Ng8 60. Bb1 Nf6 61. Bc2 Nd7 62. Bb1 Nb6 63. Bc2 Kc5 64. Kd3 Na8 65. Kd2 Nc7 66. Bd3 Nxd5 67. exd5 Kxd5 68. Bf1 Kd4 69. Bg2 d5 70. Bh1 e4 71. Bg2 Ke5 72. Bh1 Kd4 73. Bg2 Ke5 1/2-1/2

[Event "ESP-chT Primera Division 2019"]
[Site "Linares"]
[Date "2019.09.01"]
[Round "7.17"]
[White "Castellanos Rodriguez, Renier"]
[Black "Rivas Garcia, Victor"]
[Result "1/2-1/2"]
[ECO "B40"]
[WhiteElo "2493"]
[BlackElo "2165"]
[Annotator "ChessBase"]
[PlyCount "68"]
[EventDate "2019.08.26"]
[EventType "team-tourn"]
[EventCountry "ESP"]
[SourceTitle "playchess.com"]
[Source "ChessBase"]
[SourceQuality "1"]
[TimeControl "5400+30"]

1. e4 c5 2. Nf3 e6 3. g3 Nc6 4. Bg2 Nf6 5. Qe2 Be7 6. O-O d5 7. d3 b5 8. a4 b4 9. Re1 O-O 10. e5 Nd7 11. Bf4 a5 12. h4 Ba6 13. Qd1 Nb6 14. Nbd2 c4 15. d4 c3 16. bxc3 bxc3 17. Nb3 Nc4 18. Ng5 h6 19. Nh3 Qe8 20. Bc1 Nb4 21. Nf4 Kh7 22. Qf3 Rc8 23. Bf1 Nd2 24. Nxd2 cxd2 25. Bxd2 Bxf1 26. Bxb4 Bxb4 27. Rxf1 Rc4 28. Ne2 Qc6 29. Ra2 Kg8 30. Qb3 Rc8 31. Rc1 Bd2 32. Rd1 Bb4 33. Rc1 Bd2 34. Rd1 Bb4 1/2-1/2

[Event "ESP-chT Primera Division 2019"]
[Site "Linares"]
[Date "2019.09.01"]
[Round "7.18"]
[White "Garcia-Castany Musellas, Gal.la"]
[Black "Oliva Castaneda, Kevel"]
[Result "0-1"]
[ECO "C77"]
[WhiteElo "2149"]
[BlackElo "2479"]
[Annotator "ChessBase"]
[PlyCount "92"]
[EventDate "2019.08.26"]
[EventType "team-tourn"]
[EventCountry "ESP"]
[SourceTitle "playchess.com"]
[Source "ChessBase"]
[SourceQuality "1"]
[TimeControl "5400+30"]

1. e4 e5 2. Nf3 Nc6 3. Bb5 a6 4. Ba4 Nf6 5. d3 d6 6. c3 g6 7. O-O Bg7 8. Nbd2 O-O 9. Re1 b5 10. Bc2 Re8 11. Nf1 h6 12. h3 Bb7 13. a4 d5 14. axb5 axb5 15. Rxa8 Qxa8 16. Ne3 d4 17. Ng4 Nxg4 18. hxg4 Qa1 19. cxd4 exd4 20. Bb3 Na5 21. Nh4 c5 22. Bd5 Bxd5 23. exd5 Rxe1+ 24. Qxe1 Nb3 25. Qe8+ Bf8 26. Nxg6 Qxc1+ 27. Kh2 fxg6 28. Qxg6+ Kh8 29. Qf7 Bd6+ 30. g3 Qg5 31. Qe6 Qe7 32. Qg6 c4 33. Kg2 Qf8 34. dxc4 bxc4 35. Qc2 Qc8 36. Qg6 Bf8 37. g5 hxg5 38. Qxg5 d3 39. Qf6+ Bg7 40. Qh4+ Kg8 41. d6 d2 42. d7 Qxd7 43. Qxc4+ Qf7 44. Qc8+ Kh7 45. Qc2+ Kh6 46. f4 Qd5+ 0-1

[Event "ESP-chT Primera Division 2019"]
[Site "Linares"]
[Date "2019.09.01"]
[Round "7.21"]
[White "Martins, David Pires Tavares"]
[Black "Sarana, Alexey"]
[Result "0-1"]
[ECO "A12"]
[WhiteElo "2427"]
[BlackElo "2655"]
[Annotator "RC"]
[PlyCount "80"]
[EventDate "2019.08.26"]
[EventType "team-tourn"]
[EventCountry "ESP"]
[SourceTitle "playchess.com"]
[Source "ChessBase"]
[SourceQuality "1"]
[TimeControl "5400+30"]

1. Nf3 d5 2. b3 Nf6 3. Bb2 c6 4. c4 Bf5 5. g3 e6 6. Bg2 Nbd7 7. O-O h6 8. d3 Bc5 9. a3 a5 10. Nbd2 O-O 11. Re1 Bh7 12. Bh3 Qe7 13. e4 dxe4 14. dxe4 Rfd8 15. Qe2 Ba7 16. Bc3 Bc5 17. Bb2 Bb6 18. Ne5 Nc5 19. Bg2 Rxd2 20. Qxd2 Nxb3 21. Qc3 Nxa1 22. Nd3 Bd4 23. Qxd4 Nc2 24. Qc3 Nxe1 25. Nxe1 e5 26. f3 Nd7 27. Nd3 f6 28. c5 Kh8 29. Bc1 Nf8 30. Be3 Ne6 31. a4 Nd4 32. Kf2 Rd8 33. Bf1 Qc7 34. Nb2 Bg8 35. Bc4 b5 36. cxb6 Qxb6 37. Bxg8 Kxg8 38. Nd3 Qb3 39. Qxa5 Qc2+ 40. Bd2 Ne6 0-1

[Event "ESP-chT Primera Division 2019"]
[Site "Linares"]
[Date "2019.09.01"]
[Round "7.22"]
[White "Arizmendi Martinez, Julen Luis"]
[Black "Sousa, Andre Ventura"]
[Result "1/2-1/2"]
[ECO "C44"]
[WhiteElo "2512"]
[BlackElo "2362"]
[Annotator "ChessBase"]
[PlyCount "182"]
[EventDate "2019.08.26"]
[EventType "team-tourn"]
[EventCountry "ESP"]
[SourceTitle "playchess.com"]
[Source "ChessBase"]
[SourceQuality "1"]
[TimeControl "5400+30"]

1. e4 e5 2. Nf3 Nc6 3. d4 exd4 4. Nxd4 Qf6 5. Nf3 Bb4+ 6. c3 Bc5 7. Bg5 Qg6 8. Nbd2 Nf6 9. Bc4 O-O 10. O-O d6 11. b4 Bb6 12. a4 a6 13. b5 Ne5 14. Bxf6 Qxf6 15. bxa6 bxa6 16. Nxe5 Qxe5 17. Bd5 Rb8 18. Qf3 Qg5 19. Nc4 Bc5 20. Rab1 Be6 21. Rxb8 Rxb8 22. e5 Bxd5 23. Qxd5 Qf5 24. g3 h5 25. Kg2 h4 26. h3 Kh8 27. g4 Qf4 28. exd6 cxd6 29. Nd2 Re8 30. Nf3 Re2 31. Qh5+ Kg8 32. Qxh4 Qxa4 33. Qd8+ Re8 34. Qc7 Qc2 35. Qc6 Re2 36. Nd4 Bxd4 37. Qa8+ Kh7 38. cxd4 Qc4 39. Qf3 Re7 40. Ra1 Qb5 41. Qf5+ Qxf5 42. gxf5 Re4 43. Ra4 Rf4 44. Kg3 Rxf5 45. Rxa6 Rd5 46. Ra4 Kg6 47. Kf4 Rf5+ 48. Kg3 Kf6 49. f4 g6 50. Kg4 Ke6 51. Ra7 Rd5 52. Ra4 Rb5 53. Ra7 Kf6 54. Ra6 Ke7 55. Ra7+ Ke6 56. h4 Kf6 57. Ra6 Ke7 58. Ra4 Rb1 59. Ra7+ Kf6 60. Ra6 Ke6 61. Ra7 Rd1 62. Ra4 Rg1+ 63. Kf3 Kd5 64. h5 gxh5 65. Ra5+ Kxd4 66. Rf5 Ra1 67. Rxf7 Ra3+ 68. Kg2 Ke4 69. f5 d5 70. f6 Ra6 71. Re7+ Kd4 72. f7 Rf6 73. Kg3 Rf5 74. Kh4 Kc4 75. Rc7+ Kd3 76. Re7 d4 77. Rd7 Kc3 78. Rc7+ Kd2 79. Rd7 d3 80. Re7 Kd1 81. Rd7 d2 82. Re7 Kc1 83. Rc7+ Kb1 84. Rd7 Kc2 85. Rc7+ Kb2 86. Rd7 Kc3 87. Rc7+ Kd3 88. Rd7+ Ke3 89. Re7+ Kf3 90. Rd7 Rf4+ 91. Kxh5 Ke2 1/2-1/2

[Event "ESP-chT Primera Division 2019"]
[Site "Linares"]
[Date "2019.09.01"]
[Round "7.23"]
[White "Gomez Dieguez, David"]
[Black "Llobell Cortell, Enrique"]
[Result "1/2-1/2"]
[ECO "B23"]
[WhiteElo "2296"]
[BlackElo "2400"]
[Annotator "NA"]
[PlyCount "60"]
[EventDate "2019.08.26"]
[EventType "team-tourn"]
[EventCountry "ESP"]
[SourceTitle "playchess.com"]
[Source "ChessBase"]
[SourceQuality "1"]
[TimeControl "5400+30"]

1. e4 c5 2. Nc3 e6 3. Nf3 a6 4. g3 b5 5. d4 cxd4 6. Nxd4 Bb7 7. Bg2 b4 8. Na4 Nf6 9. O-O Bxe4 10. Bxe4 Nxe4 11. c3 bxc3 12. Re1 Nf6 13. Qb3 Nc6 14. Nxc6 dxc6 15. Rd1 Qb8 16. Nb6 c2 17. Rd2 Ra7 18. Rxc2 Qb7 19. Be3 Be7 20. Rac1 O-O 21. Rxc6 Bd8 22. Nc8 Qxb3 23. axb3 Ra8 24. b4 Nd5 25. Bc5 Bg5 26. Bxf8 Bxc1 27. Bxg7 Kxg7 28. Rxc1 Rb8 29. Rc6 Nxb4 30. Rb6 Rxc8 1/2-1/2

[Event "ESP-chT Primera Division 2019"]
[Site "Linares"]
[Date "2019.09.01"]
[Round "7.24"]
[White "Garcia Martin, Marta"]
[Black "Hernandez Estevez, Yudania"]
[Result "0-1"]
[ECO "B11"]
[WhiteElo "2313"]
[BlackElo "2247"]
[Annotator "NA"]
[PlyCount "144"]
[EventDate "2019.08.26"]
[EventType "team-tourn"]
[EventCountry "ESP"]
[SourceTitle "playchess.com"]
[Source "ChessBase"]
[SourceQuality "1"]
[TimeControl "5400+30"]

1. e4 c6 2. Nf3 d5 3. Nc3 Bg4 4. h3 Bxf3 5. Qxf3 e6 6. Be2 Nf6 7. O-O Nbd7 8. d4 dxe4 9. Nxe4 Nxe4 10. Qxe4 Nf6 11. Qd3 Bd6 12. Rd1 Qc7 13. c4 Bf4 14. Bxf4 Qxf4 15. Qa3 Ne4 16. Qe3 Qxe3 17. fxe3 Nf6 18. b4 O-O-O 19. Bf3 Rhe8 20. e4 e5 21. d5 cxd5 22. exd5 e4 23. Be2 b5 24. Rac1 Kb8 25. d6 bxc4 26. Bxc4 e3 27. Bxf7 Re4 28. Bc4 e2 29. Re1 Rc8 30. Bxe2 Rxc1 31. Rxc1 Rxe2 32. Rc7 Rxa2 33. Rxg7 Rd2 34. g4 Rxd6 35. g5 Ne4 36. h4 h6 37. gxh6 Rxh6 38. Rg4 Nf6 39. Rd4 Kc7 40. Kg2 Rh5 41. Rf4 Nd5 42. Rd4 Rf5 43. Kg3 Nf6 44. Rd1 Kb6 45. Re1 Kb5 46. Re7 a6 47. Rb7+ Kc6 48. Rb8 Rf1 49. Rh8 Rf5 50. Rb8 Kc7 51. Ra8 Kb7 52. Rh8 Rb5 53. Rf8 Ne4+ 54. Kh3 Rxb4 55. h5 Ng5+ 56. Kg3 Ne4+ 57. Kh3 Rb6 58. Rf7+ Kc6 59. Rg7 Kd5 60. Kg4 Rf6 61. Ra7 Ke5 62. Re7+ Kd4 63. Rb7 a5 64. Ra7 Nf2+ 65. Kg5 Ne4+ 66. Kg4 Ke3 67. Rxa5 Rf4+ 68. Kh3 Nf2+ 69. Kg2 Rg4+ 70. Kh2 Kf3 71. Rf5+ Ke2 72. h6 Kf1 0-1